 Dungeon Crawl Stone Soup version 0.25-a0-558-g78a2afb0af (webtiles) character file.

Game seed: 6247415417142830647, levelgen mode: deterministic

32 Flugslaktarn the Covered (level 3, -1/34 HPs)
             Began as a Deep Dwarf Fighter on Feb 24, 2020.
             Slain by a hippogriff (5 damage)
             ... on level 3 of the Dungeon.
             The game lasted 00:00:23 (259 turns).

Flugslaktarn the Covered (Deep Dwarf Fighter)        Turns: 259, Time: 00:00:24

Health: -1/34      AC:  6    Str: 20    XL:     3   Next: 10%
Magic:  2/2        EV:  7    Int:  8    God:
Gold:   12         SH:  9    Dex: 12    Spells: 2/2 levels left

rFire    . . .     SeeInvis .   a - +0 war axe
rCold    . . .     Gourm    .   c - +0 kite shield
rNeg     . . .     Faith    .   b - +0 scale mail
rPois    .         Spirit   .   (no helmet)
rElec    .         Reflect  .   (no cloak)
rCorr    .         Harm     .   (no gloves)
MR       .....                  (no boots)
Stlth    ..........             (no amulet)
HPRegen  0.00/turn              (no ring)
MPRegen  0.08/turn              (no ring)

@: non-regenerating
A: damage resistance, heal wounds, sense surroundings 1, no regeneration
a: Heal Wounds


You were on level 3 of the Dungeon.
You were not hungry.

You visited 1 branch of the dungeon, and saw 3 of its levels.

You collected 12 gold pieces.

Inventory:

Hand Weapons
 a - a +0 war axe (weapon)
Armour
 b - a +0 scale mail (worn)
 c - a +0 kite shield (worn)
Jewellery
 f - an uncursed ring of fire {unknown}
   (You found it on level 1 of the Dungeon)
Scrolls
 h - 2 scrolls of noise {unknown}
Potions
 d - a potion of might
 i - a potion of curing {unknown}
Comestibles
 e - 2 rations
 g - 4 chunks of flesh


   Skills:
 + Level 3.0 Fighting
 * Level 3.0 Axes
 + Level 3.6 Armour
 + Level 3.6 Shields


You had 2 spell levels left.
You didn't know any spells.
Your spell library was empty.

Dungeon Overview and Level Annotations

Branches:
Dungeon (3/15)

Altars:


Innate Abilities, Weirdness & Mutations

You are resistant to damage.
You can heal yourself by infusing magical energy.
You passively map a small area around you.
You do not regenerate.


Message History

You are too injured to fight recklessly!
You are too injured to fight recklessly!
You are too injured to fight recklessly!
You are too injured to fight recklessly!
You are too injured to fight recklessly!
You are too injured to fight recklessly!
You are too injured to fight recklessly!
You fail to use your ability.
The hippogriff bites you.
* * * LOW HITPOINT WARNING * * *
The hippogriff pecks you.
* * * LOW HITPOINT WARNING * * *
The hippogriff claws you but does no damage.
You are too injured to fight recklessly!
You are too injured to fight recklessly!
You are too injured to fight recklessly!
You are too injured to fight recklessly!
You hit the hippogriff.
The hippogriff is almost dead.
The hippogriff barely misses you. The hippogriff pecks you.
You die...

................
#....[.................
#......................
#...........>..........
#......................
#....................<.
##.....................
#....†.................
#.....@....#...†.......
#....H).......)<...#...
.....?....$...........#
............#........##
...........####..<#...#*
..........## ##..###...
, ..........# #### ##. ,
..........# # , , .... *
* *


You could see a hippogriff.

Vanquished Creatures
  3 worms (D:2)
  A leopard gecko (D:1)
  An orc (D:3)
  4 bats
  2 goblins
  2 hobgoblins (D:1)
  4 jackals
  A frilled lizard (D:3)
  3 rats (D:1)
21 creatures vanquished.

Notes
Turn   | Place    | Note
-------+----------+-------------------------------------------
     0 | D:1      | Flugslaktarn the Deep Dwarf Fighter began the quest for the
                  | Orb.
     0 | D:1      | Reached XP level 1. HP: 20/20 MP: 1/1
   109 | D:1      | Reached XP level 2. HP: 25/27 MP: 2/2
   216 | D:3      | Reached XP level 3. HP: 29/34 MP: 3/3
   233 | D:3      | Noticed a hippogriff
   259 | D:3      | Slain by a hippogriff

Levels and vault maps discovered:
D:1:      evilmike_arrival_crescent, layout_basic, hex_tiny, minmay_ruptured
D:2:      layout_basic, serial_undead, serial_undead_f, serial_undead_c,
          serial_undead_a, serial_undead_b, serial_undead_b, serial_undead_c,
          serial_undead_b, serial_undead_f, serial_undead_a, serial_undead_e,
          uniq_sigmund, uniq_robin
D:3:      layout_rooms, serial_curves, eino_curves_03, eino_curves_03

Skill      XL: |  1  2 |
---------------+-------+-----
Fighting       | 3 |  3.0
Axes           | 3 |  3.0
Armour         | |  3.6
Shields        | |  3.6

Action                   || total
-------------------------++-------
Melee: War axe           ||    72
 Abil: Heal Wounds       ||     4
Armor: Scale mail        ||    46
Dodge: Dodged            ||    48
Block: Kite shield       ||    63

Table legend:
 A = Non-vault XP
 B = Vault XP
 C = Vault XP percentage of total XP
 D = Non-vault monster count
 E = Vault monster count
 F = Vault count percentage of total count
                 A         B        C        D         E       F
            +---------+---------+-------+---------+---------+-------
      Total |      39 |       8 |  17.0 |      16 |       5 |  23.8
            +---------+---------+-------+---------+---------+-------
        D:1 |      10 |       8 |  44.4 |       5 |       5 |  50.0
        D:2 |      16 |       0 |   0.0 |       4 |       0 |   0.0
        D:3 |      13 |       0 |   0.0 |       7 |       0 |   0.0
            +---------+---------+-------+---------+---------+-------
